 Dungeon Crawl Stone Soup version 0.27-a0-1281-ge233d83751 (webtiles) character file.

Game seed: 5126166205400491796

32 Delamore the Skirmisher (level 3, -3/30 HPs)
             Began as a Formicid Fighter on June 14, 2021.
             Slain by Terence (4 damage)
             ... on level 2 of the Dungeon.
             The game lasted 00:01:09 (1653 turns).

Delamore the Skirmisher (Formicid Fighter)          Turns: 1653, Time: 00:01:10

Health: -3/30      AC:  6    Str: 21    XL:     3   Next: 45%
Magic:  3/3        EV:  8    Int:  7    God:
Gold:   42         SH:  9    Dex: 10    Spells: 2/2 levels left

rFire    . . .     SeeInvis +   a - +1 trident
rCold    . . .     Faith    .   c - +0 kite shield
rNeg     . . .     Spirit   .   b - +0 scale mail
rPois    .         Reflect  .   (helmet unavailable)
rElec    .         Harm     .   (no cloak)
rCorr    .         Rampage  .   (no gloves)
Will     .....                  (no boots)
Stlth    ..........             (no amulet)
HPRegen  0.10/turn              (no ring)
MPRegen  0.08/turn              (no ring)

@: no status effects
A: permanent stasis, dig shafts and tunnels, antennae 3, four strong arms
a: Dig, Shaft Self


You were on level 2 of the Dungeon.
You visited 1 branch of the dungeon, and saw 2 of its levels.

You collected 42 gold pieces.

Inventory:

Hand Weapons
 a - a +1 trident (weapon)
Armour
 b - a +0 scale mail (worn)
 c - a +0 kite shield (worn)
Potions
 d - a potion of might
 g - a potion of degeneration


   Skills:
 + Level 3.7 Fighting
 * Level 3.2 Polearms
 - Level 3.2 Armour
 - Level 3.6 Shields


You had 2 spell levels left.
You didn't know any spells.
Your spell library was empty.

Dungeon Overview and Level Annotations

Branches:
Dungeon (2/15)

Altars:

Annotations:
D:2 Terence


Innate Abilities, Weirdness & Mutations

You cannot be hasted, slowed, berserked, paralysed or teleported.
You can dig through walls and to a lower floor.
You have a pair of large antennae on your head. (SInv)
Your four strong arms can wield two-handed weapons with a shield.


Message History

You barely miss Terence.
Terence is heavily wounded.
You block Terence's attack. The kobold hits you but does no damage.
You puncture Terence!
Terence is almost dead.
You block Terence's attack. The kobold completely misses you.
Terence hits you with a +2 short sword of protection!
* * * LOW HITPOINT WARNING * * *
The kobold hits you with a +0 hand axe.
* * * LOW HITPOINT WARNING * * *
You are too injured to fight recklessly!
You are too injured to fight recklessly!
You are too injured to fight recklessly!
You are too injured to fight recklessly!
You are too injured to fight recklessly!
You are too injured to fight recklessly!
Terence bares his teeth.
Okay, then.
You see here a ball python corpse.
There is a stone staircase leading up here.
Reach: a) +1 trident
Press: ? - help, Dir - move target, f - Terence
Aim: Terence, wielding a +2 short sword of protection and wearing a +0 chain mail (severely wounded, about 35% to evade your +1 trident)
You reach to attack!
You hit Terence but do no damage.
Terence is severely wounded.
Reach: a) +1 trident
Press: ? - help, Dir - move target, f/p - Terence
Aim: Terence, wielding a +2 short sword of protection and wearing a +0 chain mail (severely wounded, about 35% to evade your +1 trident)
You hit Terence.
Terence is almost dead.
Terence hits you with a +2 short sword of protection!
* * * LOW HITPOINT WARNING * * *
You block Terence's attack.
You hit Terence.
Terence is almost dead.
You block Terence's attack.
You closely miss Terence.
Terence is almost dead.
Terence hits you with a +2 short sword of protection.
You die...

.K........... #.#
#......##..# #.# ...g...##..#
#.# ....g......# #.#
.####.K##.######.#
.####..##........#
.##....#########.# .####{.#
#<# .####.{# #@#
.......#########@############
#####....K..{.{.g...........#
#####.#######################
......# #######


You could see Terence and a hobgoblin.

Vanquished Creatures
  A dart slug (D:1)
  6 bats
  An endoplasm (D:1)
  A goblin (D:1)
  2 hobgoblins (D:1)
  4 jackals (D:1)
  A quokka (D:1)
  4 ball pythons
  A frilled lizard (D:1)
  4 kobolds (D:1)
  2 rats
27 creatures vanquished.

Notes
Turn   | Place    | Note
-------+----------+-------------------------------------------
     0 | D:1      | Delamore the Formicid Fighter began the quest for the Orb.
     0 | D:1      | Reached XP level 1. HP: 18/18 MP: 1/1
   372 | D:1      | Reached XP level 2. HP: 24/24 MP: 2/2
   623 | D:1      | Reached XP level 3. HP: 14/30 MP: 3/3
  1611 | D:2      | Noticed Terence
  1651 | D:2      | HP: 1/30 [Terence (7)]
  1653 | D:2      | Slain by Terence

Illustrated notes

Levels and vault maps discovered:
D:1:      minmay_arrival_wavy_path, layout_loops_ring, serial_forest,
          infiniplex_forest_straight_3, infiniplex_forest_zigzag_1,
          infiniplex_forest_clump_C, infiniplex_forest_lined_room_2,
          infiniplex_forest_diagonal, infiniplex_forest_clump_large
D:2:      layout_basic, basic_altar, hex_large, cheibrodos_gnoll_hut,
          uniq_terence

Skill      XL: |  1  2  3 |
---------------+----------+-----
Polearms       | 3 |  3.2
Fighting       | |  3.7
Armour         | |  3.2
Shields        | |  3.6

Action                   || total
-------------------------++-------
Melee: Trident           ||   123
  Use: Scroll            ||     4
Armor: Scale mail        ||    50
Dodge: Dodged            ||    29
Block: Kite shield       ||    58

Table legend: (Time is in decaauts)
 A = Elapsed time spent in this place.
 B = Non-inter-level travel time spent in this place.
 C = Inter-level travel time spent in this place.
 D = Time resting spent in this place.
 E = Time spent auto-exploring this place.
 F = Levels seen in this place.
 G = Mean time per level.
                   A        B        C        D        E       F      G
               +--------+--------+--------+--------+--------+-----+--------+
         Total |   1696 |   1611 |     85 |    202 |   1146 |   2 |  848.0 |
       Dungeon |   1696 |   1611 |     85 |    202 |   1146 |   2 |  848.0 |
               +--------+--------+--------+--------+--------+-----+--------+

Top non-repeatable levels by time:
     D:1: 1517 daAuts
     D:2: 178 daAuts
